AoeStats
← CMY

Oasis

507679827Analyzed
4v4 RM · 14d ago on Sep 19, 2026· 38m 47s· 8 players
Game mode
Random Map
Map size
Large (8 player)
Population
200
Speed
Normal
Resources
Standard
Victory
Conquest
Starting age
Dark Age
Ending age
Imperial Age
RankedLock teamsTeams togetherTeam positionsShared explorationLock speedFull tech treeHidden civsTurbo modeCheats
Victory
Defeat
🇭🇰 Tatars · Hong Kong SAR China
1080
+14
🇨🇳 Magyars · China
1044
+15
🇨🇳 Wei · China
1030
+16
🇦🇷 Spanish · Argentina
769
+26
🇨🇳 Teutons · China
1037
-18
🇨🇳 Georgians · China
1025
-18
🇨🇳 Magyars · China
1014
-18
🇨🇳 Poles · China
1004
-17
954496522
11:49 Feudal Age
14:19 Loom
17:03 Castle Age
15:10 Double-Bit Axe
15:35 Horse Collar
19:03 Bow Saw
21:24 Wheelbarrow
24:24 Hand Cart
27:32 Forging
27:59 Stone Mining
28:40 Heavy Plow
32:11 Imperial Age
30:58 Szlachta Privileges
32:37 Iron Casting
32:15 Husbandry
32:25 Bloodlines
Fantasime
10:22 Feudal Age
11:19 Double-Bit Axe
13:39 Bloodlines
32:00 Stone Mining
CMY
11:35 Feudal Age
16:20 Castle Age
15:43 Double-Bit Axe
23:28 Wheelbarrow
25:53 Bow Saw
29:37 Imperial Age
27:55 Scale Mail Armor
28:36 Gold Mining
28:44 Horse Collar
31:11 Scale Barding Armor
31:16 Forging
31:45 Conscription
32:59 Ironclad
34:58 Bloodlines
34:39 Cavalier
35:04 Pikeman
35:44 Squires
38:41 Chain Barding Armor
38:56 Iron Casting
min.nicha
11:32 Feudal Age
11:53 Man-at-Arms
28:55 Castle Age
28:07 Horse Collar
28:15 Double-Bit Axe
28:21 Gold Mining
30:50 Stone Mining
36:10 Wheelbarrow
37:00 Town Watch
38:28 Scale Barding Armor
38:34 Forging
TornToast5128
7:53 Loom
11:34 Feudal Age
13:27 Wheelbarrow
16:24 Castle Age
14:24 Double-Bit Axe
14:22 Horse Collar
18:39 Bow Saw
21:04 Heavy Plow
26:17 Hand Cart
31:11 Imperial Age
29:15 Forging
31:23 Scale Barding Armor
31:54 Iron Casting
31:35 Elite Keshik
32:41 Chain Barding Armor
34:42 Blast Furnace
35:05 Husbandry
35:16 Bloodlines
38:06 Conscription
One Shoulder 100KG
10:26 Feudal Age
10:55 Double-Bit Axe
10:54 Horse Collar
11:04 Gold Mining
12:34 Stone Mining
17:58 Castle Age
15:54 Loom
19:41 Bow Saw
20:24 Heavy Plow
21:03 Gold Shaft Mining
22:23 Wheelbarrow
22:42 Stone Shaft Mining
29:56 Imperial Age
28:16 Loom
29:06 Hand Cart
28:40 Town Watch
31:18 Conscription
31:03 Tuntian
32:00 Scale Barding Armor
32:06 Forging
31:59 Husbandry
32:10 Bloodlines
33:01 Town Patrol
32:49 Elite Tiger Cavalry
34:23 Crop Rotation
36:55 Chain Barding Armor
37:11 Iron Casting
36:39 Caravan
37:20 Ming Guang Armor
39:15 Coinage
慢即是快.
11:22 Feudal Age
12:14 Loom
16:30 Castle Age
15:56 Fletching
35:53 Horse Collar
36:02 Double-Bit Axe
心焰2
6:48 Loom
9:25 Feudal Age
10:04 Double-Bit Axe
10:05 Horse Collar
22:06 Castle Age
21:16 Bloodlines
21:21 Scale Barding Armor
26:46 Husbandry
32:34 Bow Saw
32:27 Heavy Plow
33:01 Chain Barding Armor
34:15 Wheelbarrow
34:33 Gold Mining
36:21 Hand Cart
38:45 Imperial Age
37:04 Ballistics
37:37 Gold Shaft Mining
36:55 Stone Mining
37:21 Town Watch
38:58 Fletching
39:08 Padded Archer Armor
Connection lost

Rejoining the realm…

Still unreachable

The connection could not be restored.

Session expired

The server has moved on; the page needs a fresh start.